 Dungeon Crawl Stone Soup version 0.22-a0-348-gd16d1391c7 (webtiles) character file.

632 Manul the Covert (level 7, -8/35 HPs)
             Began as a Spriggan Assassin on Apr 6, 2018.
             Killed by divine providence
             ... invoked by an orc priest
              (12 damage)
             ... on level 5 of the Dungeon on Apr 7, 2018.
             The game lasted 00:06:32 (4757 turns).

Manul the Covert (Spriggan Assassin)                Turns: 4757, Time: 00:06:33

Health: -8/35      AC:  3    Str:  5 (7)  XL:     7   Next: 24%
Magic:  8/8        EV: 19    Int: 11 (12) God:
Gold:   122        SH:  0    Dex: 17 (20) Spells: 6/6 levels left

rFire    . . .     SeeInvis +   a - +2 dagger
rCold    . . .     Gourm    .   (shield restricted)
rNeg     . . .     Faith    .   c - +0 robe
rPois    .         Spirit   .   (helmet restricted)
rElec    .         Reflect  .   d - +0 cloak
rCorr    .         Harm     .   (gloves unavailable)
MR       +....                  (boots unavailable)
Stlth    +++++.....             x - amulet of rage
HPRegen  0.11/turn              (no ring)
MPRegen  0.11/turn              (no ring)

@: very quick
A: very small, unfitting armour, see invisible, herbivore, speed 3, slow
metabolism 2
a: Evoke Berserk Rage


You were on level 5 of the Dungeon.
You were hungry.

You visited 1 branch of the dungeon, and saw 5 of its levels.

You collected 122 gold pieces.

Inventory:

Hand Weapons
 a - a +2 dagger (weapon)
 b - a +0 blowgun
 t - a +0 rapier
Missiles
 e - 22 poisoned needles
 f - a curare-tipped needle
Armour
 c - a +0 robe (worn)
 d - a +0 cloak (worn)
Jewellery
 x - an amulet of rage (around neck)
Scrolls
 i - a scroll of blinking {unknown}
 j - 2 scrolls of fog {unknown}
 m - 3 scrolls of enchant armour
 r - 2 scrolls of teleportation {unknown}
 s - a scroll of enchant weapon {unknown}
 w - a scroll of magic mapping
 y - 2 scrolls of remove curse {unknown}
Potions
 k - 2 potions of heal wounds
 l - a potion of curing
 n - 2 potions of might {unknown}
 p - a potion of lignification
 q - 2 potions of magic
 u - a potion of cancellation {unknown}
Comestibles
 g - 9 rations


   Skills:
 + Level 2.6 Fighting
 + Level 4.5 Short Blades
 - Level 2.1 Throwing
 + Level 3.8 Dodging
 * Level 10.5 Stealth
 + Level 1.1 Evocations


You had 6 spell levels left.
You didn't know any spells.

Dungeon Overview and Level Annotations

Branches:
Dungeon (5/15)
 Temple: D:4-7

Altars:
Ashenzari
Cheibriados
Fedhas
Uskayaw
Zin

Shops:
D:3 *   D:4 [}?*

Annotations:
D:4 Kriby's ghost, amateur GnWn


Innate Abilities, Weirdness & Mutations

You are very small and have problems with some larger weapons.
You are too small for most types of armour.
You have supernaturally acute eyesight. (SInv)
You are a herbivore.
You cover ground extremely quickly.
You need to consume almost no food.


Message History

You are too injured to fight recklessly!
You are too injured to fight recklessly!
You are too injured to fight recklessly!
You are too injured to fight recklessly!
You are too injured to fight recklessly!
You are too injured to fight recklessly!
You are too injured to fight recklessly!
Unknown command.
Welcome back, Manul the Spriggan Assassin.
Press ? for a list of commands and other information.
The orc wizard closely misses you.
The orc priest invokes the aid of Beogh against you.
Beogh smites you!
* * * LOW HITPOINT WARNING * * *
The orc wizard casts a spell.
The orc wizard seems to speed up.
Found a scroll labeled FUFUDI ZAFUD.
The orc priest invokes the aid of Beogh against you.
Beogh smites you!
You die...

#.##...# #.##.### #.##.#
#####.##.############
#........)))........#
#.###.##.##########.#
#.###.o...... #.#
###.##...o###.########$#.#
..........ho...@.......#.#
.........oo...#.####.#.#.#
#....##.#.##..#.# #.#
#.... #.#.###.#.# #.#
#.... #.#.# #.#.# #.# #...
#.#.# #...# #.# .... ..#.#
#..## #.# ..# ###.# #.?#
#.# ..# #.# #.#


You could see a hound, an orc priest, an orc wizard and 3 orcs.

Vanquished Creatures
  A sky beast (D:5)
  A phantom (D:4)
  An ogre (D:4)
  2 scorpions
  A howler monkey (D:5)
  A bullfrog skeleton (D:5)
  2 orc wizards
  Terence (D:2)
  2 gnolls (D:5)
  2 adders
  An adder skeleton (D:4)
  A worm (D:3)
  A dart slug (D:2)
  2 leopard geckos
  7 orcs
  3 giant cockroaches
  6 goblins
  4 hobgoblins
  4 jackals (D:2)
  2 quokkas
  2 ball pythons
  6 bats
  4 frilled lizards
  A jackal skeleton (D:5)
  2 kobolds
  2 rats (D:1)
62 creatures vanquished.

Vanquished Creatures (others)
  An orc wizard (D:3)
1 creature vanquished.

Grand Total: 63 creatures vanquished

Notes
Turn   | Place    | Note
-------+----------+-------------------------------------------
     0 | D:1      | Manul the Spriggan Assassin began the quest for the Orb.
     0 | D:1      | Reached XP level 1. HP: 10/10 MP: 2/2
    66 | D:1      | Reached skill level 6 in Stealth
   251 | D:1      | Reached XP level 2. HP: 12/14 MP: 3/3
   767 | D:2      | Noticed Terence
   844 | D:2      | Killed Terence
   844 | D:2      | Reached skill level 7 in Stealth
   844 | D:2      | Reached XP level 3. HP: 3/18 MP: 4/4
  1658 | D:3      | Found a shattered altar of Ashenzari.
  1683 | D:3      | Reached XP level 4. HP: 23/23 MP: 5/5
  1709 | D:3      | Reached skill level 8 in Stealth
  2030 | D:3      | Found Zin's Purification Station.
  2041 | D:3      | Found a glowing silver altar of Zin.
  2306 | D:3      | Found a hide-covered altar of Uskayaw.
  2309 | D:3      | Noticed a dagger
  2309 | D:3      | Noticed a dagger
  2415 | D:4      | Noticed an ogre
  2445 | D:4      | Reached XP level 5. HP: 16/26 MP: 6/6
  2832 | D:4      | Reached skill level 9 in Stealth
  2884 | D:4      | Noticed Kriby's ghost (amateur GnWn)
  3218 | D:4      | Found Car Goal's Armour Shop.
  3219 | D:4      | Found Xalygig's Magic Scroll Shop.
  3221 | D:4      | Found Mourot's Gadget Shop.
  3226 | D:4      | Found Oshruq's General Store.
  3316 | D:4      | Killed an ogre
  3316 | D:4      | Reached XP level 6. HP: 30/30 MP: 7/7
  3556 | D:5      | Entered Level 5 of the Dungeon
  3746 | D:5      | Reached skill level 10 in Stealth
  3891 | D:5      | Noticed an ice beast
  4161 | D:5      | Found a blossoming altar of Fedhas.
  4161 | D:5      | Found a snail-covered altar of Cheibriados.
  4237 | D:5      | Noticed a sky beast
  4305 | D:5      | Reached XP level 7. HP: 35/35 MP: 8/8
  4352 | D:5      | Reached skill level 1 in Evocations
  4750 | D:5      | Upgraded the game from 0.22-a0-346-ga7143740d5 to 0.22-a0-348-gd16d1391c7
  4757 | D:5      | Killed from afar by an orc priest

Vault maps used:
D:1:      dpeg_arrival_court, hangedman_abyss_or_decor_lesser_grid
D:2:      uniq_terence
D:3:      zin_purify, dancing_weapons_uskayaw, evilmike_ruin_ashenzari
D:4:      minmay_shop_grid_forest, minmay_cupped
D:5:      chequers_temple_overflow_statue_of_worship, minitemple,
          minmay_temple_entry_statues_pillars, first_ration

Skill      XL: |  1  2  3  4  5  6  7 |
---------------+----------------------+-----
Stealth        | 6 7 8 9 10 | 10.5
Short Blades   | 3 4 |  4.5
Dodging        | 2 3 |  3.8
Fighting       | 2 |  2.6
Evocations     | 1 |  1.1
Throwing       | |  2.1

Action                   |  1- 3 |  4- 6 |  7- 9 || total
-------------------------+-------+-------+-------++-------
Melee: Dagger            |    85 |   129 |    15 ||   229
       Rapier            |       |    13 |    11 ||    24
 Fire: Blowgun           |     9 |    10 |     2 ||    21
 Abil: Evoke Berserk Rag |       |     3 |       ||     3
  Use: Potion            |       |     7 |       ||     7
       Scroll            |       |     5 |       ||     5
 Stab: Sleeping          |    12 |     5 |       ||    17
       Invisible         |       |     2 |       ||     2
       Fleeing           |       |     1 |       ||     1
  Eat: Ration            |       |     2 |       ||     2
Armor: Robe              |     5 |    14 |     2 ||    21
Dodge: Dodged            |    43 |   119 |    18 ||   180

Table legend:
 A = Spawn XP
 B = Non-spawn XP
 C = Spawn XP percentage of total XP
 D = Spawn monster count
 E = Non-spawn monster count
 F = Spawn count percentage of total count
 G = Total turns spent on level
                    A         B        C        D         E        F      G
               +---------+---------+-------+---------+---------+-------+---------
         Total |       0 |     903 |   0.0 |       0 |      62 |   0.0 |  4757
               +---------+---------+-------+---------+---------+-------+---------
           D:1 |       0 |      15 |   0.0 |       0 |      10 |   0.0 |   408
           D:2 |       0 |      78 |   0.0 |       0 |      16 |   0.0 |  1162
           D:3 |       0 |      98 |   0.0 |       0 |      14 |   0.0 |  1092
           D:4 |       0 |     330 |   0.0 |       0 |       9 |   0.0 |  1244
           D:5 |       0 |     382 |   0.0 |       0 |      13 |   0.0 |   851
               +---------+---------+-------+---------+---------+-------+---------
